 Dungeon Crawl Stone Soup version 0.21.0 (webtiles) character file.

317 Hekarica the Magician (level 6, -5/32 HPs)
             Began as a Tengu Wizard on May 23, 2018.
             Was an Initiate of Gozag.
             Shot with an arrow by a centaur (7 damage)
             ... on level 5 of the Dungeon.
             The game lasted 00:18:25 (4360 turns).

Hekarica the Magician (Tengu Wizard)                Turns: 4360, Time: 00:18:25

Health: -5/32      AC:  5    Str:  6 (7)  XL:     6   Next: 45%
Magic:  6/14       EV: 13    Int: 17 (20) God:    Gozag
Gold:   277        SH:  0    Dex: 11 (13) Spells: 8/14 levels left

rFire    . . .     SeeInvis .   f - +0 dagger
rCold    . . .     Gourm    .   (no shield)
rNeg     . . .     Faith    .   a - +0 robe
rPois    .         Spirit   .   b - +0 hat
rElec    .         Reflect  .   r - +1 cloak
rCorr    .         Harm     .   e - +0 pair of gloves
MR       .....                  (boots unavailable)
Stlth    ++........             (no amulet)
HPRegen  0.10/turn              (no ring)
MPRegen  0.14/turn              (no ring)

@: no status effects
A: beak, talons 3, able to fly 1
a: Fly, Potion Petition, Call Merchant, Bribe Branch, Renounce Religion


You were on level 5 of the Dungeon.
You worshipped Gozag.
Gozag was aware of your devotion.
You were not hungry.

You visited 1 branch of the dungeon, and saw 5 of its levels.

You collected 308 gold pieces.
You paid 31 gold pieces to Gozag.

Inventory:

Hand Weapons
 f - a +0 dagger (weapon)
 k - a +3 falchion
Armour
 a - a +0 robe (worn)
 b - a +0 hat (worn)
 e - a +0 pair of gloves (worn)
 r - a +1 cloak (worn)
Scrolls
 g - 2 scrolls of identify
 j - 3 scrolls of remove curse
 n - 3 scrolls of teleportation
Potions
 m - a potion of agility
 o - a potion of haste
 q - a potion of curing
Books
 c - a book of Minor Magic

   Spells                             Type                      Level
   a - Magic Dart                     Conjuration                  1
   b - Blink                          Translocation                2
   c - Call Imp                       Summoning                    2
   d - Slow                           Hexes                        2
   e - Conjure Flame                  Conjuration/Fire             3
   f - Mephitic Cloud                 Conjuration/Poison/Air       3
Comestibles
 d - 4 rations


   Skills:
 + Level 3.7 Dodging
 + Level 3.5 Stealth
 * Level 4.7 Spellcasting
 + Level 3.8 Conjurations
   Level 1.2 Summonings
 - Level 0.7 Translocations


You had 8 spell levels left.
You knew the following spells:

 Your Spells              Type           Power        Failure   Level  Hunger
a - Magic Dart            Conj           ###.         3%          1    None
b - Mephitic Cloud        Conj/Pois/Air  #.......     26%         3    ###....
c - Blink                 Tloc           N/A          17%         2    #......


Dungeon Overview and Level Annotations

Branches:
Dungeon (5/15)
 Temple: D:4-7

Altars:
Cheibriados
Fedhas
Gozag
Hepliaklqana
Nemelex Xobeh
The Shining One

Annotations:
D:4 Dindles's ghost, amateur GrEE


Innate Abilities, Weirdness & Mutations

You have a beak for a mouth.
You have claws for feet.
You can fly.


Message History

Aim: a centaur (moderately wounded)
The magic dart hits the centaur.
The centaur is moderately wounded.
The centaur barely misses you.
Casting: Magic Dart
Confirm with . or Enter, or press ? or * to list all spells.
Aiming: Magic Dart
Press: ? - help, Shift-Dir - straight line, f/p - centaur
Aim: a centaur (moderately wounded)
The magic dart hits the centaur.
The centaur is heavily wounded.
The centaur hits you.
* * * LOW HITPOINT WARNING * * *
The centaur hits you but does no damage.
Casting: Magic Dart
Confirm with . or Enter, or press ? or * to list all spells.
You blink.
The centaur wields a shortbow.
The centaur shoots an arrow.
The arrow hits you!
You die...
Your body crumbles into a pile of gold.

#.........
#......# ###...c.#
#....ยง..######
####...##...#.....
#.#...# #.........
##...###
#......... #<..##
#......... #...##
#.@....... ...###
#......... ....#
#......... ##...
...#...... #....
#..#####... #..#
#.. ## #.# #.. #..


You could see a centaur.

Vanquished Creatures
  Crazy Yiuf (D:3)
  An orc priest (D:3)
  A hound (D:2)
  Terence (D:2)
  A worker ant (D:4)
  8 adders
  3 oozes
  An adder skeleton (D:4)
  A worm (D:2)
  3 dart slugs
  4 orcs (D:3)
  6 giant cockroaches
  3 goblins
  13 hobgoblins
  2 quokkas (D:3)
  2 ball pythons
  9 bats
  5 frilled lizards
  11 kobolds
  11 rats
87 creatures vanquished.

Notes
Turn   | Place    | Note
-------+----------+-------------------------------------------
     0 | D:1      | Hekarica the Tengu Wizard began the quest for the Orb.
     0 | D:1      | Reached XP level 1. HP: 10/10 MP: 5/5
   336 | D:1      | Reached XP level 2. HP: 15/15 MP: 1/7
   559 | D:1      | Reached XP level 3. HP: 16/19 MP: 8/8
  1180 | D:2      | Found a sparkling altar of Nemelex Xobeh.
  1488 | D:2      | Reached XP level 4. HP: 24/24 MP: 8/10
  1666 | D:2      | Found a hazy altar of Hepliaklqana.
  1996 | D:2      | Learned a level 3 spell: Mephitic Cloud
  1999 | D:2      | Learned a level 2 spell: Blink
  2013 | D:2      | Found a glowing golden altar of the Shining One.
  2151 | D:3      | Noticed Terence
  2166 | D:2      | Reached skill level 4 in Spellcasting
  2166 | D:2      | Gained mutation: You can fly. [Tengu growth]
  2166 | D:2      | Reached XP level 5. HP: 11/28 MP: 10/12
  2192 | D:2      | Killed Terence
  2522 | D:3      | Found a runed door.
  2526 | D:3      | Noticed Crazy Yiuf
  2545 | D:3      | Killed Crazy Yiuf
  2761 | D:3      | Found an opulent altar of Gozag.
  2810 | D:3      | Became a worshipper of Gozag Ym Sagoz the Greedy
  2853 | D:3      | Reached XP level 6. HP: 12/32 MP: 9/13
  2968 | D:3      | Found a blossoming altar of Fedhas.
  3971 | D:4      | Found a snail-covered altar of Cheibriados.
  4261 | D:4      | Noticed Dindles's ghost (amateur GrEE)
  4345 | D:5      | Entered Level 5 of the Dungeon
  4359 | D:5      | HP: 1/32 [centaur (6)]
  4360 | D:5      | Shot with an arrow by a centaur

Skill      XL: |  1  2  3  4  5 |
---------------+----------------+-----
Conjurations   | 2 3 |  3.8
Dodging        | 3 |  3.7
Spellcasting   | 4 |  4.7
Stealth        | 3 |  3.5
Summonings     | |  1.2
Translocations | |  0.7

Action                   |  1- 3 |  4- 6 || total
-------------------------+-------+-------++-------
Melee: Unarmed           |     6 |       ||     6
       Kick              |     6 |    13 ||    19
       Peck              |     7 |    12 ||    19
       Dagger            |    17 |    75 ||    92
       Club              |     2 |       ||     2
 Cast: Magic Dart        |    75 |   149 ||   224
       Mephitic Cloud    |       |     3 ||     3
       Blink             |       |     5 ||     5
  Use: Potion            |       |     5 ||     5
       Scroll            |       |    10 ||    10
 Stab: Sleeping          |     1 |     1 ||     2
       Confused          |       |     2 ||     2
  Eat: Ration            |     1 |     2 ||     3
       Chunk             |       |     2 ||     2
Armor: Robe              |     2 |    19 ||    21
Dodge: Dodged            |    19 |    76 ||    95
